[ PARTIDA AOE2 · #505923619 ]
UnrankedVikingos vs Celts
Equipo del jugador · DERR
Equipo rival · VICT
[ ANÁLISIS DE REPETICIÓN · EXTRAÍDO DE LA PARTIDA GRABADA ]
Feudal
9:25
Castillos
24:02
Imperial
—
| APM promedio | 48.8 |
| APM pico | 85 |
| eAPM promedio | 26.0 |
| Aldeanos / militares | 99 / 90 |
Foco
⚔️ 54.6% · 🌾 45.4%
Archer ×66 · Skirmisher ×18 · Mangonel ×6
Feudal
10:57
Castillos
24:02
Imperial
—
| APM promedio | 55.6 |
| APM pico | 115 |
| eAPM promedio | 19.2 |
| Aldeanos / militares | 57 / 76 |
Foco
⚔️ 49.3% · 🌾 50.7%
Skirmisher ×45 · Militia ×9 · Woad Raider ×9 · Battering Ram ×6 · Mangonel ×5 · Spearman ×2
Mapa de la partida
Recursos iniciales + cada clic de construcción. Líneas = muros · curvas = relieve. ◆ oro · ⬟ piedra · ● bayas · ✦ reliquia · ◌ hueco del cierre
Tu base· Abierta — hueco de 4t
Base de Yo Yo· Abierta — flanco sin cerrar
Terreno inicial suavizado · ◌ = hueco del cierre detectado · pasá el cursor para detalles
Inputs por minuto
— CORP_Leugim - - Yo Yo
Build order — CORP_Leugim
Primeras 150 de 293 acciones detectadas
| 0:01 | Crear | Villager (Male) |
| 0:02 | Construir | House |
| 0:03 | Construir | House |
| 0:07 | Crear | Villager (Male) |
| 0:07 | Crear | Villager (Male) |
| 0:07 | Crear | Villager (Male) |
| 0:08 | Crear | Villager (Male) |
| 0:08 | Crear | Villager (Male) |
| 1:23 | Crear | Villager (Male) |
| 1:23 | Crear | Villager (Male) |
| 1:23 | Crear | Villager (Male) |
| 2:01 | Construir | Lumber Camp |
| 2:07 | Crear | Villager (Male) |
| 2:07 | Crear | Villager (Male) |
| 2:29 | Crear | Villager (Male) |
| 2:29 | Crear | Villager (Male) |
| 2:29 | Crear | Villager (Male) |
| 2:54 | Crear | Villager (Male) |
| 3:17 | Crear | Villager (Male) |
| 3:17 | Crear | Villager (Male) |
| 3:17 | Crear | Villager (Male) |
| 3:45 | Crear | Villager (Male) |
| 3:46 | Crear | Villager (Male) |
| 4:07 | Crear | Villager (Male) |
| 4:24 | Crear | Villager (Male) |
| 4:55 | Crear | Villager (Male) |
| 4:56 | Crear | Villager (Male) |
| 4:59 | Construir | Mill |
| 5:20 | Crear | Villager (Male) |
| 5:56 | Construir | Palisade Wall |
| 5:58 | Crear | Villager (Male) |
| 6:00 | Investigar | Loom |
| 6:07 | Construir | Palisade Wall |
| 6:08 | Construir | Palisade Wall |
| 6:09 | Construir | Palisade Wall |
| 6:10 | Construir | Palisade Wall |
| 6:22 | Construir | House |
| 6:24 | Construir | Palisade Wall |
| 6:40 | Construir | Palisade Wall |
| 6:40 | Construir | Palisade Wall |
| 6:45 | Construir | Palisade Wall |
| 7:15 | Investigar | Feudal Age |
| 7:15 | Investigar | Feudal Age |
| 7:15 | Investigar | Feudal Age |
| 7:21 | Construir | House |
| 7:24 | Construir | House |
| 7:34 | Construir | House |
| 7:55 | Construir | Mining Camp |
| 9:03 | Construir | Palisade Wall |
| 9:22 | Crear | Villager (Male) |
| 9:25 | Edad | Edad Feudal |
| 9:29 | Crear | Villager (Male) |
| 9:34 | Construir | Barracks |
| 9:39 | Crear | Villager (Male) |
| 9:52 | Crear | Villager (Male) |
| 10:00 | Construir | Palisade Wall |
| 10:01 | Investigar | Double-Bit Axe |
| 10:27 | Construir | Lumber Camp |
| 10:37 | Crear | Villager (Male) |
| 10:58 | Construir | Palisade Wall |
| 11:04 | Crear | Villager (Male) |
| 11:09 | Construir | House |
| 11:16 | Construir | Palisade Wall |
| 11:28 | Construir | Archery Range |
| 11:52 | Crear | Villager (Male) |
| 12:01 | Construir | Archery Range |
| 12:12 | Construir | House |
| 12:14 | Construir | House |
| 12:24 | Crear | Archer |
| 12:25 | Crear | Archer |
| 12:25 | Crear | Archer |
| 12:27 | Crear | Villager (Male) |
| 12:27 | Crear | Villager (Male) |
| 12:53 | Crear | Villager (Male) |
| 12:57 | Construir | Farm |
| 12:58 | Construir | Farm |
| 12:59 | Crear | Archer |
| 13:00 | Crear | Archer |
| 13:03 | Crear | Archer |
| 13:03 | Crear | Archer |
| 13:10 | Construir | Blacksmith |
| 13:13 | Crear | Archer |
| 13:20 | Construir | House |
| 13:22 | Crear | Archer |
| 13:22 | Crear | Archer |
| 13:37 | Crear | Archer |
| 13:37 | Crear | Archer |
| 13:50 | Construir | Farm |
| 13:53 | Construir | Farm |
| 14:01 | Crear | Archer |
| 14:07 | Construir | Farm |
| 14:19 | Crear | Archer |
| 14:19 | Crear | Archer |
| 14:20 | Crear | Villager (Male) |
| 14:22 | Construir | Mill |
| 14:33 | Crear | Archer |
| 14:41 | Crear | Archer |
| 14:41 | Crear | Archer |
| 14:53 | Crear | Archer |
| 14:53 | Crear | Archer |
| 15:03 | Crear | Villager (Male) |
| 15:05 | Crear | Villager (Male) |
| 15:05 | Crear | Villager (Male) |
| 15:14 | Construir | Farm |
| 15:15 | Construir | Farm |
| 15:16 | Construir | Farm |
| 15:31 | Crear | Archer |
| 15:31 | Crear | Archer |
| 15:31 | Crear | Archer |
| 15:48 | Crear | Villager (Male) |
| 15:48 | Crear | Villager (Male) |
| 16:33 | Crear | Villager (Male) |
| 16:34 | Crear | Villager (Male) |
| 16:34 | Crear | Villager (Male) |
| 16:38 | Construir | Mill |
| 16:38 | Construir | Farm |
| 16:39 | Construir | Farm |
| 16:39 | Construir | Farm |
| 16:39 | Construir | Farm |
| 16:39 | Construir | Farm |
| 16:50 | Crear | Villager (Male) |
| 16:54 | Investigar | Fletching |
| 16:54 | Investigar | Fletching |
| 16:58 | Crear | Archer |
| 16:58 | Crear | Archer |
| 16:58 | Crear | Archer |
| 17:02 | Crear | Archer |
| 17:06 | Crear | Villager (Male) |
| 17:06 | Crear | Villager (Male) |
| 17:19 | Crear | Archer |
| 17:19 | Crear | Archer |
| 17:19 | Crear | Archer |
| 17:23 | Construir | Palisade Wall |
| 17:35 | Crear | Archer |
| 17:35 | Crear | Villager (Male) |
| 17:40 | Investigar | Padded Archer Armor |
| 17:45 | Crear | Archer |
| 17:46 | Crear | Villager (Male) |
| 17:49 | Construir | Farm |
| 17:53 | Construir | Farm |
| 18:07 | Crear | Villager (Male) |
| 18:09 | Crear | Archer |
| 18:09 | Crear | Archer |
| 18:25 | Crear | Archer |
| 18:26 | Crear | Archer |
| 18:26 | Crear | Archer |
| 18:32 | Crear | Villager (Male) |
| 18:34 | Construir | House |
| 18:35 | Construir | House |
| 18:37 | Crear | Archer |
Build order — Yo Yo
Primeras 150 de 222 acciones detectadas
| 0:01 | Crear | Villager (Male) |
| 0:01 | Crear | Villager (Male) |
| 0:06 | Crear | Villager (Male) ×2 |
| 1:15 | Crear | Villager (Male) |
| 1:53 | Construir | Barracks |
| 2:06 | Crear | Villager (Male) |
| 2:12 | Crear | Villager (Male) |
| 2:52 | Crear | Militia |
| 2:53 | Crear | Villager (Male) |
| 3:16 | Crear | Villager (Male) |
| 3:18 | Crear | Militia |
| 3:18 | Crear | Militia |
| 3:40 | Crear | Villager (Male) |
| 4:19 | Crear | Villager (Male) |
| 4:41 | Crear | Militia |
| 4:42 | Crear | Militia |
| 4:42 | Crear | Militia |
| 4:48 | Crear | Villager (Male) |
| 4:53 | Crear | Militia |
| 5:28 | Crear | Villager (Male) |
| 5:31 | Construir | House |
| 6:01 | Crear | Villager (Male) |
| 6:35 | Crear | Villager (Male) |
| 7:05 | Crear | Villager (Male) |
| 7:10 | Construir | Lumber Camp |
| 7:25 | Crear | Villager (Male) |
| 7:40 | Crear | Villager (Male) |
| 7:46 | Construir | Mill |
| 8:03 | Construir | House |
| 8:13 | Investigar | Loom |
| 8:43 | Crear | Villager (Male) |
| 8:47 | Investigar | Feudal Age |
| 8:47 | Investigar | Feudal Age |
| 8:47 | Investigar | Feudal Age |
| 9:45 | Construir | Mining Camp |
| 10:37 | Construir | Farm |
| 10:40 | Construir | Farm |
| 10:57 | Edad | Edad Feudal |
| 11:03 | Crear | Villager (Male) |
| 11:06 | Crear | Spearman |
| 11:15 | Investigar | Man-at-Arms (upgrade) |
| 11:15 | Investigar | Man-at-Arms (upgrade) |
| 11:16 | Crear | Villager (Male) |
| 11:19 | Construir | Farm |
| 11:21 | Construir | Farm |
| 11:23 | Investigar | Horse Collar |
| 11:27 | Investigar | Double-Bit Axe |
| 11:28 | Investigar | Double-Bit Axe |
| 11:28 | Investigar | Double-Bit Axe |
| 11:39 | Crear | Villager (Male) |
| 11:48 | Crear | Villager (Male) |
| 12:07 | Investigar | Arson |
| 12:39 | Crear | Villager (Male) |
| 12:43 | Construir | Lumber Camp |
| 12:55 | Crear | Villager (Male) |
| 12:56 | Crear | Militia |
| 12:56 | Crear | Militia |
| 13:01 | Construir | House |
| 13:31 | Construir | Archery Range |
| 13:33 | Crear | Villager (Male) |
| 13:38 | Crear | Villager (Male) |
| 13:43 | Construir | House |
| 13:46 | Construir | House |
| 13:57 | Crear | Villager (Male) |
| 13:59 | Construir | Farm |
| 14:20 | Crear | Villager (Male) |
| 14:31 | Crear | Spearman |
| 14:36 | Crear | Skirmisher |
| 14:36 | Crear | Skirmisher |
| 14:49 | Construir | Blacksmith |
| 15:05 | Crear | Skirmisher |
| 15:05 | Crear | Skirmisher |
| 15:10 | Crear | Villager (Male) |
| 15:12 | Construir | Farm |
| 15:12 | Construir | Farm |
| 15:13 | Construir | Farm |
| 15:13 | Construir | Farm |
| 15:13 | Construir | Farm |
| 15:20 | Construir | Farm |
| 15:43 | Investigar | Fletching |
| 15:49 | Crear | Skirmisher |
| 15:52 | Crear | Skirmisher |
| 15:53 | Crear | Villager (Male) |
| 15:56 | Construir | Palisade Wall |
| 16:12 | Construir | Palisade Wall |
| 16:34 | Construir | Farm |
| 16:34 | Construir | Farm |
| 16:34 | Construir | Farm |
| 16:35 | Construir | Farm |
| 16:35 | Construir | Farm |
| 16:43 | Crear | Villager (Male) |
| 16:59 | Construir | House |
| 17:09 | Crear | Villager (Male) |
| 17:15 | Construir | Market |
| 17:16 | Construir | Palisade Wall |
| 17:23 | Construir | House |
| 17:27 | Construir | Palisade Wall |
| 17:32 | Construir | Farm |
| 17:32 | Construir | Farm |
| 17:34 | Construir | Farm |
| 17:37 | Crear | Villager (Male) |
| 17:39 | Construir | Farm |
| 17:47 | Investigar | Scale Mail Armor |
| 17:58 | Crear | Skirmisher |
| 17:58 | Crear | Skirmisher |
| 18:11 | Construir | House |
| 18:13 | Construir | House |
| 18:14 | Construir | House |
| 18:16 | Construir | House |
| 18:24 | Crear | Skirmisher |
| 18:24 | Crear | Skirmisher |
| 18:30 | Investigar | Padded Archer Armor |
| 18:44 | Construir | Lumber Camp |
| 18:50 | Crear | Skirmisher |
| 18:51 | Crear | Skirmisher |
| 18:53 | Crear | Villager (Male) |
| 18:56 | Construir | House |
| 19:09 | Crear | Skirmisher |
| 19:10 | Crear | Skirmisher |
| 19:15 | Crear | Villager (Male) |
| 19:20 | Crear | Skirmisher |
| 20:18 | Construir | House |
| 20:24 | Crear | Skirmisher |
| 20:24 | Crear | Skirmisher |
| 20:26 | Crear | Villager (Male) |
| 20:49 | Construir | Archery Range |
| 20:57 | Crear | Villager (Male) |
| 21:00 | Crear | Skirmisher |
| 21:00 | Crear | Skirmisher |
| 21:06 | Investigar | Castle Age |
| 21:07 | Investigar | Castle Age |
| 21:07 | Investigar | Castle Age |
| 21:31 | Construir | Palisade Wall |
| 21:48 | Construir | Palisade Wall |
| 21:59 | Crear | Skirmisher |
| 21:59 | Crear | Skirmisher |
| 21:59 | Crear | Skirmisher |
| 22:05 | Construir | Palisade Wall |
| 22:22 | Crear | Skirmisher |
| 22:22 | Crear | Skirmisher |
| 22:34 | Crear | Skirmisher |
| 22:34 | Crear | Skirmisher |
| 22:53 | Construir | Palisade Wall |
| 23:09 | Construir | Palisade Wall |
| 23:13 | Investigar | Wheelbarrow |
| 23:15 | Construir | Palisade Wall |
| 23:19 | Crear | Skirmisher |
| 23:19 | Crear | Skirmisher |
| 23:19 | Crear | Skirmisher |
| 23:46 | Construir | Palisade Wall |
Cronología de la partida
| 1:53 | Yo Yo · first_building Barracks |
| 5:56 | CORP_Leugim · wall_segment Palisade Wall x5 |
| 6:07 | CORP_Leugim · wall_segment Palisade Wall x1 |
| 6:08 | CORP_Leugim · wall_segment Palisade Wall x1 |
| 6:09 | CORP_Leugim · wall_segment Palisade Wall x1 |
| 6:10 | CORP_Leugim · wall_segment Palisade Wall x1 |
| 6:24 | CORP_Leugim · wall_segment Palisade Wall x8 |
| 6:40 | CORP_Leugim · wall_segment Palisade Wall x1 |
| 6:40 | CORP_Leugim · wall_segment Palisade Wall x1 |
| 6:45 | CORP_Leugim · wall_segment Palisade Wall x1 |
| 9:03 | CORP_Leugim · wall_segment Palisade Wall x1 |
| 9:25 | CORP_Leugim · age_up feudal |
| 9:34 | CORP_Leugim · first_building Barracks |
| 10:00 | CORP_Leugim · wall_segment Palisade Wall x3 |
| 10:57 | Yo Yo · age_up feudal |
| 10:58 | CORP_Leugim · wall_segment Palisade Wall x1 |
| 11:16 | CORP_Leugim · wall_segment Palisade Wall x1 |
| 11:28 | CORP_Leugim · first_building Archery Range |
| 13:31 | Yo Yo · first_building Archery Range |
| 15:56 | Yo Yo · wall_segment Palisade Wall x1 |
| 16:12 | Yo Yo · wall_segment Palisade Wall x19 |
| 17:16 | Yo Yo · wall_segment Palisade Wall x7 |
| 17:23 | CORP_Leugim · wall_segment Palisade Wall x1 |
| 17:27 | Yo Yo · wall_segment Palisade Wall x14 |
| 19:13 | Yo Yo · first_market_buy 100 food |
| 19:17 | Yo Yo · first_market_sell 500 stone |
| 20:42 | CORP_Leugim · wall_segment Palisade Wall x1 |
| 21:31 | Yo Yo · wall_segment Palisade Wall x1 |
| 21:48 | Yo Yo · wall_segment Palisade Wall x6 |
| 22:05 | Yo Yo · wall_segment Palisade Wall x8 |
| 22:53 | Yo Yo · wall_segment Palisade Wall x14 |
| 23:09 | Yo Yo · wall_segment Palisade Wall x1 |
| 23:15 | Yo Yo · wall_segment Palisade Wall x8 |
| 23:22 | CORP_Leugim · wall_segment Palisade Wall x10 |
| 23:46 | Yo Yo · wall_segment Palisade Wall x1 |
| 23:48 | Yo Yo · wall_segment Palisade Wall x8 |
| 24:02 | CORP_Leugim · age_up castle |
| 24:02 | Yo Yo · age_up castle |
| 26:32 | CORP_Leugim · first_market_buy 100 food |
| 27:34 | Yo Yo · first_building Monastery |
| 27:42 | Yo Yo · first_building Siege Workshop |
| 28:00 | CORP_Leugim · first_building Siege Workshop |
| 30:03 | CORP_Leugim · first_building Castle |
| 31:54 | Yo Yo · first_building Castle |
| 34:06 | Yo Yo · wall_segment Palisade Wall x6 |
| 36:47 | CORP_Leugim · resign |
[ ANÁLISIS IA · 1 CRÉDITO ]
¿Qué pasó realmente en esta partida?
Wolo.gg analiza cada decisión: build order, eco, micro, errores típicos por bracket. Análisis personalizado por WhatsApp o Discord en 30 segundos.
Guía civ
Vikingos
Perfil
CORP_Leugim